 Dungeon Crawl Stone Soup version 0.30.0-29-ga12c61a403 (webtiles) character file.

Game seed: 12458507924440588591

76 ChadusMaximus the Caller (level 4, -2/30 HPs)
             Began as a Barachi Summoner on June 23, 2023.
             Killed by divine providence
             ... invoked by an orc priest
              (10 damage)
             ... on level 3 of the Dungeon.
             The game lasted 00:02:39 (2101 turns).

ChadusMaximus the Caller (Barachi Summoner)         Turns: 2101, Time: 00:02:40

Health: -2/30      AC:  6    Str:  9    XL:     4   Next: 32%
Magic:  7/8        EV: 12    Int: 17    God:
Gold:   88         SH:  0    Dex: 13    Spells: 8/9 levels left

rFire   . . .        g - +0 dagger
rCold   . . .        (no shield)
rNeg    . . .        a - +0 robe
rPois   .            (no helmet)
rElec   .            (no cloak)
rCorr   .            (no gloves)
SInv    .            (no boots)
Will    .....        (no amulet)
Stlth   ++           p - +4 ring of protection
HPRegen 0.25/turn    (no ring)
MPRegen 0.11/turn

%: no passive effects
@: slow
A: amphibious, slowness 1, strong legs 1, +LOS
a: Hop


You were on level 3 of the Dungeon.
You visited 1 branch of the dungeon, and saw 3 of its levels.

You collected 88 gold pieces.

Inventory:

Hand Weapons
 e - a +0 club
 g - a +0 dagger (weapon)
Armour
 a - a +0 robe (worn)
Jewellery
 p - a +4 ring of protection (left hand)
 q - an amulet of faith
Scrolls
 d - a scroll of vulnerability {unknown}
 h - a scroll of identify {unknown}
 j - 2 scrolls of teleportation {unknown}
 k - a scroll of magic mapping {unknown}
 l - a scroll of enchant armour {unknown}
 m - a scroll of immolation {unknown}
 o - a scroll of enchant weapon {unknown}
 r - a scroll of noise {unknown}
Potions
 b - a potion of magic
 c - a potion of curing {unknown}
 f - a potion of lignification {unknown}
 i - 2 potions of haste {unknown}
 n - a potion of berserk rage {unknown}


   Skills:
 - Level 2.2 Dodging
 - Level 1.8 Stealth
 + Level 3.1 Spellcasting
 * Level 6.2 Summonings


You had 8 spell levels left.
You knew the following spells:

 Your Spells              Type           Power      Damage    Failure   Level
a - Summon Small Mammal   Summ           92%        N/A       1%          1

Your spell library contained the following spells:

 Spells                   Type           Power      Damage    Failure   Level
 Call Imp                 Summ           46%        N/A       1%          2
 Call Canine Familiar     Summ           23%        N/A       4%          3
 Summon Guardian Golem    Hex/Summ       13%        N/A       14%         3
 Summon Lightning Spire   Summ/Air       13%        N/A       43%         4


Dungeon Overview and Level Annotations

Branches:
Dungeon (3/15)

Altars:

Shops:
D:1 (


Innate Abilities, Weirdness & Mutations

You are amphibious.
You cover ground slowly.
You can hop short distances.
You have an extended range of vision and can be seen from far away.


Message History

The orc hits you with a +0 short sword.
The orc priest shouts!
You hit the orc.
The orc is moderately wounded.
You hear a shout!
The orc closely misses you.
An orc comes into view. It is wielding a +0 whip.
You hear a shout!
Casting: Summon Small Mammal (safe; 1% risk of failure)
Confirm with . or Enter, or press ? or * to list all spells.
You hear a shout!
The orc hits you but does no damage.
The orc priest calls upon Beogh to heal the orc.
The orc's wounds heal themselves!
Casting: Summon Small Mammal (safe; 1% risk of failure)
Confirm with . or Enter, or press ? or * to list all spells.
The orc barely misses you.
The orc priest calls down the wrath of Beogh upon you.
Beogh smites you!
You swap places.
The orc closely misses your rat.
Your rat misses the orc.
You swap places.
The orc priest looks braver for a moment.
The orc completely misses your rat.
Your rat barely misses the orc.
The orc hits your rat with a +0 short sword.
Your rat bites the orc.
The orc hits your rat with a +0 short sword.
Your rat dies!
Your rat's corpse disappears in a puff of smoke!
The orc priest calls down the wrath of Beogh upon you.
Beogh smites you!
* * * LOW HITPOINT WARNING * * *
The orc hits your rat with a +0 short sword.
Your rat bites the orc.
Your rat barely misses the orc.
The orc hits your rat with a +0 short sword.
Your rat dies!
Your rat's corpse disappears in a puff of smoke!
The orc priest calls down the wrath of Beogh upon you.
Beogh smites you!
You die...

#.#.#.#.##.#
#.#.#.#.##.#
#.#...# #.#
#.##### ##.#
#..# #######.###
...........#
#######..#.#
#..##@# ##.# #.#
###..###.#####.#
...............#
###.####.#######
#. #o# #.# #o#
#o#


You could see an orc priest and 2 orcs.

Vanquished Creatures
  A gnoll (D:1)
  2 adders (D:2)
  A dart slug (D:2)
  2 bats
  4 endoplasms
  2 giant cockroaches (D:1)
  4 goblins
  A quokka (D:2)
  A ball python (D:1)
  2 frilled lizards
  4 kobolds
  4 rats
28 creatures vanquished.

Vanquished Creatures (collateral kills)
  An adder (D:2)
  2 ball pythons (D:1)
  2 endoplasms (D:1)
  A hobgoblin (D:1)
  A quokka (D:2)
  A bat (D:2)
  A kobold (D:2)
9 creatures vanquished.

Grand Total: 37 creatures vanquished

Notes
Turn   | Place    | Note
-------+----------+-------------------------------------------
     0 | D:1      | ChadusMaximus the Barachi Summoner began the quest for the
                  | Orb.
     0 | D:1      | Reached XP level 1. HP: 13/13 MP: 3/3
   222 | D:1      | Reached skill level 5 in Summonings
   236 | D:1      | Reached XP level 2. HP: 8/19 MP: 1/5
   751 | D:1      | Reached XP level 3. HP: 7/24 MP: 1/7
   925 | D:1      | Found Irriabb's Antique Weapon Shoppe.
  1459 | D:2      | Reached skill level 6 in Summonings
  1459 | D:2      | Reached XP level 4. HP: 20/30 MP: 6/8
  2101 | D:3      | Killed from afar by an orc priest

Illustrated notes

Levels and vault maps discovered:
D:1:      pf_arrival_petrified_forest, layout_loops_ring, serial_shops, shop,
          serial_bayou_pond_c, moated_statue, chequers_serial_rivers_small_a
D:2:      layout_loops_ring
D:3:      layout_basic, kennysheep_ying_yang

Skill      XL: |  1  2  3 |
---------------+----------+-----
Summonings     | 5 6 |  6.2
Spellcasting   | 3 |  3.1
Dodging        | |  2.2
Stealth        | |  1.8

Action                     |  1- 3 |  4- 6 || total
---------------------------+-------+-------++-------
  Melee: Unarmed           |    46 |       ||    46
         Dagger            |   101 |    29 ||   130
         Club              |    14 |       ||    14
         Punch             |     2 |       ||     2
   Cast: Summon Small Mamm |    26 |     4 ||    30
Ability: Hop               |     1 |       ||     1
   Stab: Sleeping          |     3 |     1 ||     4
 Armour: Robe              |    23 |    10 ||    33
  Dodge: Dodged            |    99 |    16 ||   115
